 Dungeon Crawl Stone Soup version 0.23.2-1-ga50397a (webtiles) character file.

Game seed: 415846551852390749

58 Fang the Skirmisher (level 4, -14/43 HPs)
             Began as a Gargoyle Berserker on May 8, 2019.
             Was a Believer of Trog.
             Killed by divine providence
             ... invoked by an orc priest
              (15 damage)
             ... on level 3 of the Dungeon.
             The game lasted 00:01:50 (2004 turns).

Fang the Skirmisher (Gargoyle Berserker)            Turns: 2004, Time: 00:01:50

Health: -14/43     AC:  5    Str: 26    XL:     4   Next: 2%
Magic:  4/4        EV: 12    Int:  8    God:    Trog [**....]
Gold:   132        SH:  0    Dex:  9    Spells: 3/3 levels left

rFire    . . .     SeeInvis .   a - +0 hand axe
rCold    . . .     Gourm    .   (no shield)
rNeg     + . .     Faith    .   b - +0 animal skin
rPois    ∞         Spirit   .   (no helmet)
rElec    +         Reflect  .   (no cloak)
rCorr    .         Harm     .   (no gloves)
MR       .....                  (no boots)
Stlth    ..........             (no amulet)
HPRegen  0.14/turn              (no ring)
MPRegen  0.09/turn              (no ring)

@: berserking, very quick
A: negative energy resistance 1, electricity resistance, unbreathing,
petrification resistance, rot immunity, AC +3
a: Berserk, Trog's Hand, Renounce Religion


You were on level 3 of the Dungeon.
You worshipped Trog.
Trog was pleased with you.
You were hungry.

You visited 1 branch of the dungeon, and saw 3 of its levels.

You collected 132 gold pieces.

Inventory:

Hand Weapons
 a - a +0 hand axe (weapon)
Armour
 b - a +0 animal skin (worn)
Jewellery
 j - an uncursed ring of poison resistance {unknown}
 k - an uncursed ring of protection from magic {unknown}
Scrolls
 d - 2 scrolls of enchant armour {unknown}
 g - 2 scrolls of teleportation {unknown}
 l - 2 scrolls of amnesia {unknown}
 m - a scroll of remove curse {unknown}
 o - a scroll of blinking {unknown}
Potions
 e - a potion of might {unknown}
 f - a potion of lignification {unknown}
 h - a potion of haste {unknown}
 n - a potion of curing {unknown}
 p - a potion of degeneration {unknown}
Comestibles
 c - 6 rations
 i - 5 chunks of flesh


   Skills:
 + Level 3.8 Fighting
 + Level 3.2 Axes
 + Level 2.9 Armour
 + Level 2.1 Dodging


You had 3 spell levels left.
You didn't know any spells.
Your spell library was empty.

Dungeon Overview and Level Annotations

Branches:
Dungeon (3/15)

Altars:
Elyvilon
Trog


Innate Abilities, Weirdness & Mutations

You are resistant to torment.
Your stone body is resilient. (AC +3)
You are immune to poison.
You resist negative energy. (rN+)
You are resistant to electric shocks. (rElec)
You can survive without breathing.
You are immune to petrification.
You are immune to rotting.


Message History

The orc priest invokes the aid of Beogh against you.
Beogh smites you!
* * * LOW HITPOINT WARNING * * *
The orc hits you with a cursed +0 trident.
* * * LOW HITPOINT WARNING * * *
You slash the orc!
You kill the orc!
Trog accepts your kill.
You slash the orc!
You kill the orc!
Trog accepts your kill.
You have reached level 4!
You feel clever.
You slash the orc priest! The bat barely misses you.
The orc priest mumbles some strange prayers to Beogh against you.
Pain shoots through your body!
* * * LOW HITPOINT WARNING * * *
The orc priest mumbles some strange prayers to Beogh against you.
Beogh smites you!
You die...

#### #####
##...##...##
###..........##
#.............#
#............(#
.....oob......###
#....o)@........#
#....o.##...###.#
###### #######
#######.###.....
######......####
#.......#####
#...#
..#####....#
#...# #.).##.....
#...### ###.###
###. ####.....
#.÷.#


You could see 3 orc priests, an orc and a bat.

Vanquished Creatures
  2 worms (D:2)
  A leopard gecko (D:1)
  3 orcs (D:3)
  5 giant cockroaches
  9 goblins
  6 hobgoblins
  4 jackals (D:2)
  A ball python (D:2)
  2 bats
  A frilled lizard (D:3)
  5 kobolds
  6 rats
45 creatures vanquished.

Notes
Turn   | Place    | Note
-------+----------+-------------------------------------------
     0 | D:1      | Fang the Gargoyle Berserker began the quest for the Orb.
     0 | D:1      | Reached XP level 1. HP: 14/14 MP: 1/1
   290 | D:1      | Reached XP level 2. HP: 18/19 MP: 2/2
   860 | D:2      | Found a bloodstained altar of Trog.
  1166 | D:2      | Reached XP level 3. HP: 19/23 MP: 3/3
  1310 | D:2      | Reached ** piety under Trog
  1684 | D:2      | Found a white marble altar of Elyvilon.
  2004 | D:3      | Reached XP level 4. HP: 3/29 MP: 4/4
  2004 | D:3      | HP: 1/43 [orc priest/nerve-wracking pain (2)]
  2004 | D:3      | Killed from afar by an orc priest

Skill      XL: |  1  2  3 |
---------------+----------+-----
Dodging        | 2 |  2.1
Axes           | 3 |  3.2
Fighting       | |  3.8
Armour         | |  2.9

Action                   |  1- 3 |  4- 6 || total
-------------------------+-------+-------++-------
Melee: Hand axe          |   183 |       ||   183
Invok: Berserk           |     2 |       ||     2
 Stab: Sleeping          |     1 |       ||     1
  Eat: Chunk             |     5 |       ||     5
Armor: Animal skin       |    48 |       ||    48
Dodge: Dodged            |   109 |     1 ||   110
